 Dungeon Crawl Stone Soup version 0.18.1-48-g4cf74bf (console) character file.

136363 Homage the Tortoise (level 16, -7/151 HPs)
             Began as a Minotaur Fighter on July 9, 2016.
             Was the Champion of Okawaru.
             Mangled by a hog (10 damage)
             ... led by Kirke
             ... on level 3 of the Snake Pit.
             The game lasted 03:30:05 (42780 turns).

Homage the Tortoise (Minotaur Fighter)             Turns: 42780, Time: 03:30:05

Health: -7/151     AC:  0    Str: 25    XL:     16   Next: 66%
Magic:  19/19      EV: 24    Int:  5    God:    Okawaru [******]
Gold:   1505       SH:  0    Dex: 15    Spells: 0 memorised, 15 levels left

rFire  . . .     SeeInvis .     (weapon currently unavailable)
rCold  . . .     Gourm    .     (armour currently unavailable)
rNeg   . . .     Faith    .     (shield currently unavailable)
rPois  .         Spirit   .     (helmet currently unavailable)
rElec  .         Dismiss  .     (cloak currently unavailable)
rCorr  .         Reflect  .     (gloves currently unavailable)
SustAt .         Harm     .     (boots currently unavailable)
MR     +....                    w - amulet of rage
Stlth  +.........               (ring currently unavailable)
                                (ring currently unavailable)

@: lethally poisoned (-7 -> -13), pig-form, slowed, somewhat resistant to
hostile enchantments, very unstealthy
A: (retaliatory headbutt), (horns 0), agile 1, blink, (poison resistance)
a: Blink, Heroism, Finesse, Renounce Religion, Evoke Berserk Rage


You were on level 3 of the Snake Pit.
You worshipped Okawaru.
Okawaru was exalted by your worship.
You were not hungry.
You were a filthy swine.
You visited 4 branches of the dungeon, and saw 21 of its levels.
You also visited: Ice Cave.

You collected 1505 gold pieces.


Innate Abilities, Weirdness & Mutations

((You reflexively headbutt those who attack you in melee.))
((You have a pair of horns on your head.))
You are agile. (Dex +2)
You can translocate small distances at will.
((Your system is resistant to poisons.))


   Skills:
 - Level 16.0 Fighting
 - Level 16.3 Axes
 - Level 17.0 Armour
 - Level 13.0 Dodging
 + Level 15.2 Shields
 - Level 6.0 Invocations


You had 15 spell levels left.
You didn't know any spells.

Inventory:

Hand Weapons
 a - a +3 war axe of venom
 b - a +1 war axe of freezing (melded)
 k - a +0 hunting sling
 v - a +2 flail of crushing
 B - a +0 war axe of chopping
 P - the +8 trident "Yffas" {freeze, rN+}
   (You found it on level 7 of the Lair of Beasts)

   It has been specially enchanted to freeze those struck by it, causing extra
   injury to most foes and up to half again as much damage against particularly
   susceptible opponents.
   It can also slow down cold-blooded creatures.
   It protects you from negative energy.
 Q - the +0 long sword of Stickiness {flame, rElec rC++ rN+}
   (Okawaru gifted it to you on level 3 of the Snake Pit)

   It has been specially enchanted to burn those struck by it, causing extra
   injury to most foes and up to half again as much damage against particularly
   susceptible opponents.
   Big, fiery blades are also staple armaments of hydra-hunters.
   It greatly protects you from cold.
   It insulates you from electricity.
   It protects you from negative energy.
Missiles
 l - 146 sling bullets
 n - 4 tomahawks (quivered)
Armour
 c - a +1 shield (melded)
 d - a +0 hat of see invisible (melded) {!d!f}
 o - the +8 orange crystal plate armour (melded) {Archmagi, Int+3 Clar SustAt}
   (Okawaru gifted it to you on level 3 of the Snake Pit)

   It affects your intelligence (+3).
   It sustains your strength, intelligence and dexterity.
   It protects you against confusion.
 t - a +0 cloak (melded)
 x - a +2 pair of boots of running (melded) {!d!f}
 I - a +0 pair of gloves (melded)
 M - the +6 plate armour "Ityiss" {Dex+4}
   (You found it on level 6 of the Lair of Beasts)

   It affects your dexterity (+4).
 N - a +1 pair of boots of flying
Jewellery
 h - a ring of poison resistance (melded)
 p - a ring of stealth (melded)
 w - an amulet of rage (around neck)
Wands
 e - a wand of lightning (9/15)
 u - a wand of slowing (32/48)
 A - a wand of paralysis (10/24)
 C - a wand of paralysis (12/24)
 D - a wand of iceblast (0/15)
 E - a wand of flame (6/48)
 G - a wand of digging (9/24)
 H - a wand of digging (12/24)
 K - a wand of digging (18/24)
 L - a wand of lightning (2/15)
 R - a wand of iceblast (7/15)
Scrolls
 i - 14 scrolls of identify
 m - 4 scrolls of remove curse
 y - 2 scrolls of recharging
 O - 2 scrolls of teleportation
Potions
 q - 3 potions of curing
 r - 2 potions of cure mutation {!q}
 z - 4 potions of brilliance
 J - a potion of flight
Comestibles
 f - 13 bread rations
 g - 4 meat rations
 j - 9 fruits
 s - 4 slices of pizza
 F - 8 royal jellies


Message History

You feel sick. The hog bites you! The hog bites you.
The hog completely misses you.
You hear some strange, mumbled words.
Something summons some harpies!
The guardian serpent coils itself and waves its upper body at you.
The bolt of poison hits you!
You are more poisoned.
The hog misses you. The hog bites you. The hog bites you!
You climb upwards.
You feel very sick.
There is a stone staircase leading down, spattered with blood here.
You closely miss something.
You feel sick. Something hits you! The hog closely misses you.
The hog bites you!
* * * LOW HITPOINT WARNING * * *
The hog bites you!
* * * LOW HITPOINT WARNING * * *
Something hits you!
* * * LOW HITPOINT WARNING * * *
The hog completely misses you. The hog bites you!
You die...

##~.)~~~¤~..~##.#.##.#..##[([)([#
###.)#~~~#..###.#.##.#.)(((######
.###..#~#..####...#)).(((#.#
..###..¤..###.....[.(#[###.###
...###'('###...#.###.()..#...#
....##............##(....###.#
..####.....####...##(.....##.#
........#.### #.hh##(##...##.####
.....#......####h##[.##..........
##....###....###h#...##..#.(.....
####..###.....#.#.#.............
##..##...."....N..####....###
#....#>................[...#
#....#.####.....####.......#
#....#.####..##.....#..#....
####......#.......#.##.#....
####...#.......#.#.......


You could see 3 hogs.

Vanquished Creatures
  Vashnia (Snake:3)
  Gastronok (Lair:1)
  Frances (Snake:1)
  A greater naga (Snake:2)
  Maud (Lair:5)
  Aizul (Snake:1)
  Azrael (Snake:1)
  3 dire elephants (Lair:8)
  16 naga warriors
  4 hydras
  Erica (Lair:2)
  12 anacondas
  3 death yaks
  A queen ant (Lair:7)
  5 shock serpents
  19 naga sharpshooters
  A sun demon (Lair:8)
  3 salamander mystics
  2 fire crabs (Lair:7)
  A naga ritualist (Snake:3)
  A wizard (Lair:8)
  A lindwurm (Lair:7)
  14 salamanders
  7 mana vipers
  2 griffons
  32 black mambas
  A manticore (Lair:3)
  9 elephants
  A sixfirhy (Lair:8)
  5 guardian serpents
  19 naga magi
  2 ice statues (IceCv)
  16 spiny frogs
  4 orange demons (Lair:8)
  2 rime drakes
  19 komodo dragons
  An ice devil (Lair:8)
  A hellwing (Lair:8)
  4 red devils (Lair:8)
  2 polar bears
  14 blink frogs
  A wyvern (D:5)
  2 fire elementals
  37 yaks
  7 hippogriffs
  6 basilisks
  5 soldier ants (Lair:8)
  4 hell hounds
  3 wargs
  44 nagas
  28 water moccasins
  Duvessa (D:7)
  11 porcupines
  A black bear (Lair:3)
  3 orc warriors
  An eye of draining (D:3)
  4 phantoms
  2 necrophages
  4 sky beasts
  16 ice beasts
  5 ogres
  9 wolves
  2 centaurs
  23 crocodiles
  14 giant frogs
  Dowan (D:7)
  3 scorpions
  24 killer bees
  2 electric eels (Lair:3)
  A howler monkey (D:5)
  A crimson imp (D:7)
  A giant frog zombie (D:7)
  2 giant frog skeletons
  3 hounds
  7 orc priests
  A gnoll shaman (D:7)
  Ijyb (D:3)
  5 jellies
  11 iguanas
  11 worker ants
  13 orc wizards
  A hell rat (Lair:6)
  A killer bee zombie (D:8)
  20 sheep
  A hound zombie (D:7)
  12 gnolls
  7 adders
  52 river rats
  2 shadow imps
  13 white imps
  3 oozes
  An adder zombie (D:6)
  4 worms
  3 dart slugs
  4 giant geckos
  39 orcs
  6 bats
  6 giant cockroaches
  17 goblins
  11 hobgoblins
  11 jackals
  4 quokkas
  7 ball pythons
  A giant gecko zombie (D:7)
  6 giant newts
  2 goblin skeletons (D:4)
  2 goblin zombies (D:4)
  A jackal zombie (D:5)
  9 kobolds
  A kobold skeleton (D:4)
  3 kobold zombies (D:4)
  2 orc skeletons (D:4)
  2 orc zombies (D:4)
  2 quokka skeletons
  22 rats
  14 fungi
  8 plants
855 creatures vanquished.

Vanquished Creatures (collateral kills)
  A queen bee (Lair:6)
  2 killer bees (Lair:6)
3 creatures vanquished.

Vanquished Creatures (others)
  A black mamba (Snake:3)
  An orc wizard (D:7)
  A bush (Lair:7)
  2 butterflies (Lair:8)
  43 fungi
  31 plants
79 creatures vanquished.

Grand Total: 937 creatures vanquished

Notes
Turn   | Place    | Note
--------------------------------------------------------------
     0 | D:1      | Homage the Minotaur Fighter began the quest for the Orb.
     0 | D:1      | Reached XP level 1. HP: 19/19 MP: 0/0
     4 | D:1      | Reached skill level 1 in Dodging
    23 | D:1      | Reached XP level 2. HP: 21/26 MP: 1/1
   397 | D:1      | Reached XP level 3. HP: 30/31 MP: 2/2
   458 | D:1      | Reached skill level 3 in Dodging
  1001 | D:2      | Reached XP level 4. HP: 14/39 MP: 3/3
  1019 | D:2      | HP: 7/39 [poisoned by an adder]
  1027 | D:2      | HP: 6/39 [poisoned by an adder]
  1614 | D:2      | Reached skill level 3 in Axes
  1788 | D:2      | Reached XP level 5. HP: 12/45 MP: 4/4
  2047 | D:3      | Noticed a phantom
  2069 | D:3      | Killed a phantom
  2399 | D:3      | Noticed Ijyb
  2417 | D:3      | Killed Ijyb
  2417 | D:3      | Reached skill level 4 in Armour
  2417 | D:3      | Reached XP level 6. HP: 53/56 MP: 5/5
  3020 | D:3      | Reached skill level 5 in Armour
  3214 | D:3      | Reached skill level 6 in Armour
  3283 | D:3      | Found a white marble altar of Elyvilon.
  3288 | D:3      | Found a blossoming altar of Fedhas.
  3614 | D:3      | Noticed a moth of wrath
  3617 | D:3      | Found a bloodstained altar of Trog.
  3649 | D:3      | Reached XP level 7. HP: 58/61 MP: 6/6
  3937 | D:4      | HP: 3/61 [orc priest/divine providence (13)]
  3949 | D:3      | HP: 10/61 [worker ant (1)]
  4395 | D:4      | Found a shattered altar of Ashenzari.
  4488 | D:4      | Found an iron altar of Okawaru.
  4881 | D:4      | Reached skill level 6 in Dodging
  5653 | D:4      | Found a glowing golden altar of the Shining One.
  6059 | D:4      | Reached skill level 6 in Fighting
  6059 | D:4      | Reached XP level 8. HP: 67/70 MP: 7/7
  6100 | D:5      | Entered Level 5 of the Dungeon
  6100 | D:5      | Found a staircase to the Ecumenical Temple.
  6473 | D:5      | Reached skill level 6 in Axes
  7210 | D:4      | Became a worshipper of Warmaster Okawaru
  7283 | D:6      | You fall through a shaft!
  7333 | D:7      | Noticed Duvessa
  7333 | D:7      | Noticed Dowan
  7459 | D:6      | Found a stormy altar of Qazlal.
  7459 | D:6      | Found a glowing silver altar of Zin.
  7459 | D:6      | Found a shimmering altar of Xom.
  7462 | D:6      | Found an oddly glowing altar of Pakellas.
  7498 | D:6      | Found a sacrificial altar of Ru.
  7635 | D:6      | Reached XP level 9. HP: 82/82 MP: 8/8
  7790 | D:6      | Found Eminies's Food Shop.
  7837 | D:6      | Gained mutation: You are agile. (Dex +2) [potion of beneficial mutation]
  7838 | D:6      | Gained mutation: You are partially covered in slimy green scales (AC +2). [potion of beneficial mutation]
  7935 | D:6      | Found a snail-covered altar of Cheibriados.
  8188 | D:6      | Found a deep blue altar of Sif Muna.
  8209 | D:6      | Reached skill level 9 in Fighting
  8658 | D:6      | Gained mutation: You are covered in fur (AC +1). [mutagenic meat]
  8662 | D:6      | Lost mutation: You are agile. (Dex +2) [mutagenic meat]
  8664 | D:6      | Gained mutation: You are clumsy. (Dex -2) [mutagenic meat]
  8665 | D:6      | Lost mutation: You are partially covered in slimy green scales (AC +2). [potion of cure mutation]
  8665 | D:6      | Lost mutation: You are clumsy. (Dex -2) [potion of cure mutation]
  8665 | D:6      | Lost mutation: You are covered in fur (AC +1). [potion of cure mutation]
  8727 | D:7      | Reached * piety under Okawaru
  8740 | D:7      | Reached skill level 7 in Armour
  8740 | D:7      | Reached skill level 6 in Shields
  8897 | D:7      | Found Taadde Coum's Food Shop.
  8994 | D:7      | Found a deep blue altar of Sif Muna.
  9178 | D:7      | Reached skill level 8 in Armour
  9586 | D:7      | Reached skill level 9 in Armour
  9797 | D:7      | Killed Duvessa
  9807 | D:7      | Killed Dowan
 10108 | D:7      | Reached skill level 10 in Armour
 10143 | D:7      | Reached ** piety under Okawaru
 10499 | D:8      | Found a staircase to the Lair.
 10527 | D:7      | Reached XP level 10. HP: 36/91 MP: 9/9
 10905 | D:8      | Gained mutation: You can translocate small distances at will. [potion of mutation]
 10905 | D:8      | Gained mutation: Your system is resistant to poisons. [potion of mutation]
 10905 | D:8      | Gained mutation: You are agile. (Dex +2) [potion of mutation]
 10906 | D:8      | Reached XP level 11. HP: 97/97 MP: 10/10
 11479 | Temple   | Entered the Ecumenical Temple
 11685 | Lair:1   | Entered Level 1 of the Lair of Beasts
 12159 | Lair:1   | Found a frozen archway.
 12170 | Lair:1   | Reached *** piety under Okawaru
 12184 | IceCv    | Entered an ice cave
 12290 | IceCv    | Reached skill level 9 in Axes
 14167 | IceCv    | Noticed an ice dragon
 14168 | IceCv    | Noticed an ice dragon
 14503 | Lair:1   | Noticed a six-headed hydra
 14555 | D:8      | HP: 16/97 [black mamba (5)]
 14563 | D:8      | HP: 9/97 [poisoned by a black mamba]
 15169 | D:8      | Killed a six-headed hydra
 15515 | Lair:1   | Reached **** piety under Okawaru
 15957 | Lair:1   | HP: 13/101 [spiny frog (14)]
 16955 | Lair:1   | Reached XP level 12. HP: 108/108 MP: 11/11
 17307 | Lair:2   | Noticed Gastronok
 17418 | Lair:1   | HP: 9/110 [Gastronok/the air (32)]
 17872 | Lair:1   | HP: 22/110 [Gastronok/the air (19)]
 18200 | Lair:1   | Killed Gastronok
 18200 | Lair:1   | Reached ***** piety under Okawaru
 18789 | Lair:2   | Reached skill level 15 in Shields
 18910 | Lair:2   | Received a gift from Okawaru
 20404 | Lair:2   | Noticed Erica
 20432 | Lair:2   | Killed Erica
 20671 | Lair:3   | Found a staircase to the Shoals.
 20686 | Lair:2   | Reached skill level 12 in Fighting
 20686 | Lair:2   | Reached skill level 12 in Axes
 21524 | Lair:3   | Reached skill level 9 in Dodging
 22178 | Lair:4   | Reached skill level 1 in Invocations
 22507 | Lair:4   | Reached XP level 13. HP: 118/118 MP: 11/13
 22601 | Lair:4   | Reached skill level 11 in Armour
 22904 | Lair:4   | Reached skill level 3 in Invocations
 23668 | Lair:5   | Found a staircase to the Snake Pit.
 23975 | Lair:5   | Noticed Maud
 24002 | Lair:5   | Killed Maud
 24343 | Lair:5   | Received a gift from Okawaru
 24815 | Lair:6   | Reached skill level 12 in Armour
 24865 | Lair:6   | Reached skill level 6 in Invocations
 25176 | Lair:6   | Got a crude plate armour
 25187 | Lair:6   | Identified the +6 plate armour "Ityiss" {Dex+4} (You found it on level 6 of the Lair of Beasts)
 25965 | Lair:7   | Received a gift from Okawaru
 25968 | Lair:7   | Got a tattered robe {god gift}
 25981 | Lair:7   | Identified the +0 robe of the Orb Guardian {MR+ Str+3 Int+4} (Okawaru gifted it to you on level 7 of the Lair of Beasts)
 26691 | Lair:7   | Reached XP level 14. HP: 126/129 MP: 17/17
 26779 | Lair:7   | Got a transparent trident
 26780 | Lair:7   | Identified the +8 trident "Yffas" {freeze, rN+} (You found it on level 7 of the Lair of Beasts)
 27157 | Lair:7   | Reached skill level 13 in Armour
 27345 | Lair:8   | Entered Level 8 of the Lair of Beasts
 27890 | Lair:8   | Reached ****** piety under Okawaru
 28327 | Lair:8   | Received a gift from Okawaru
 28501 | Lair:8   | Found a burning altar of Makhleb.
 28507 | Lair:8   | Reached skill level 12 in Dodging
 28587 | Lair:8   | HP: 25/129 [sixfirhy (1)]
 28592 | Lair:8   | HP: 23/129 [sixfirhy (8)]
 29298 | Lair:8   | Found a gateway to Hell.
 29795 | Lair:8   | Found a staircase to the Slime Pits.
 30388 | Snake:1  | Entered Level 1 of the Snake Pit
 31274 | Snake:1  | Noticed Azrael
 31782 | Snake:1  | Killed Azrael
 31782 | Snake:1  | Received a gift from Okawaru
 32075 | Snake:1  | Reached skill level 15 in Axes
 32075 | Snake:1  | Reached XP level 15. HP: 96/138 MP: 18/18
 32511 | Snake:1  | Found a runed gate.
 32511 | Snake:1  | Found a runed gate.
 32511 | Snake:1  | Found a runed gate.
 32521 | Snake:1  | Noticed Donald
 32974 | Snake:1  | Noticed Frances
 32989 | Snake:1  | Killed Frances
 33050 | Snake:1  | Noticed Aizul
 33069 | Snake:1  | Killed Aizul
 34145 | Snake:2  | HP: 22/138 [poisoned by a guardian serpent (bolt of poison)]
 34150 | Snake:2  | HP: 27/138 [poisoned by a guardian serpent (bolt of poison)]
 34155 | Snake:2  | HP: 24/138 [poisoned by a naga (splash of poison)]
 34161 | Snake:2  | HP: 20/138 [poisoned by a naga (splash of poison)]
 34167 | Snake:2  | HP: 18/138 [poisoned by a naga (splash of poison)]
 34172 | Snake:2  | HP: 17/138 [poisoned by a naga (splash of poison)]
 34177 | Snake:1  | HP: 17/138 [poisoned by a naga (splash of poison)]
 34186 | Snake:1  | HP: 18/138 [poisoned by a naga (splash of poison)]
 34192 | Snake:1  | HP: 18/138 [poisoned by a naga (splash of poison)]
 35116 | Snake:2  | Received a gift from Okawaru
 35116 | Snake:2  | Reached skill level 14 in Armour
 36089 | Snake:1  | Reached skill level 15 in Armour
 36612 | Snake:2  | Received a gift from Okawaru
 37104 | Snake:2  | HP: 21/138 [naga mage/orb of energy (14)]
 37109 | Snake:1  | HP: 17/138 [poisoned by a naga mage (poison arrow)]
 37114 | Snake:1  | HP: 15/138 [poisoned by a naga mage (poison arrow)]
 37120 | Snake:1  | HP: 14/138 [poisoned by a naga mage (poison arrow)]
 37126 | Snake:1  | HP: 14/138 [poisoned by a naga mage (poison arrow)]
 37134 | Snake:1  | HP: 14/138 [poisoned by a naga mage (poison arrow)]
 38443 | Snake:3  | Reached XP level 16. HP: 143/147 MP: 19/19
 38692 | Snake:3  | Received a gift from Okawaru
 38987 | Snake:2  | Reached skill level 15 in Fighting
 39713 | Snake:2  | HP: 29/149 [poisoned by a naga ritualist (splash of poison)]
 39718 | Snake:2  | HP: 21/149 [poisoned by a naga ritualist (splash of poison)]
 39723 | Snake:2  | HP: 16/149 [poisoned by a naga ritualist (splash of poison)]
 39728 | Snake:2  | HP: 14/149 [poisoned by a naga ritualist (splash of poison)]
 39734 | Snake:2  | HP: 12/149 [poisoned by a naga ritualist (splash of poison)]
 39740 | Snake:2  | HP: 11/149 [poisoned by a naga ritualist (splash of poison)]
 39747 | Snake:2  | HP: 11/149 [poisoned by a naga ritualist (splash of poison)]
 39755 | Snake:2  | HP: 12/149 [poisoned by a naga ritualist (splash of poison)]
 40682 | Snake:3  | Reached skill level 16 in Armour
 40792 | Snake:3  | Noticed Vashnia
 41576 | Snake:3  | Killed Vashnia
 41753 | Snake:3  | Reached skill level 17 in Armour
 41917 | Snake:3  | Received a gift from Okawaru
 41918 | Snake:3  | Got a polished long sword {god gift}
 41959 | Snake:3  | Identified the +0 long sword of Stickiness {flame, rElec rC++ rN+} (Okawaru gifted it to you on level 3 of the Snake Pit)
 42197 | Snake:4  | Entered Level 4 of the Snake Pit
 42772 | Snake:4  | Noticed Kirke
 42780 | Snake:3  | HP: 27/151 [hog[Kirke] (13)]
 42780 | Snake:3  | HP: 3/151 [something (14)]
 42780 | Snake:3  | Mangled by a hog

Vault maps used:
D:1:      onia_arrival_handbag
D:2:      minmay_bisected
D:3:      kennysheep_the_goblin_king, minitemple, tgw_trog, first_bread
D:4:      corexii_shack_village, nicolae_tso_besieged_by_evil,
          ashenzari_conservatory_becter, nicolae_overflow_hidden_temple
D:5:      minmay_temple_entry_purple_smoke, minmay_fountain_box, minmay_holes
D:6:      kennysheep_mini_moat, hangedman_ru_absence,
          grunt_temple_overflow_open, serial_shops, kennysheep_mini,
          lemuel_blue_sif_altar
D:7:      kennysheep_orc_sif_temple, serial_shops, shop, uniq_duvessa
D:8:      erik_lair_orcish_takeover
Temple:   corrupted_temple
Lair:1:   portal_ice_cave_entry_imps, beast_lair_carwin_6
Lair:2:   grunt_megastairs_5, serial_bayou_shore_a, lemuel_fruit_fields,
          uniq_erica, uniq_gastronok
Lair:3:   minmay_shoals_entry_beasts, lemuel_old_faithful, wad_woods_river_01
Lair:5:   minmay_snake_entry_guardpost_small, uniq_maud
Lair:6:   kennysheep_abandoned_house, special_room, lemuel_fruit_tree
Lair:7:   guppyfry_lair_drakes
Lair:8:   evil_forest, nicolae_slime_entry_slimehenge, minivault_11,
          wad_woods_antlair, lemuel_fruit_fields
Snake:1:  nicolae_snake_horde_hoard, uniq_donald, uniq_frances, uniq_azrael,
          uniq_aizul
Snake:2:  grunt_ministairs_15, guppyfry_library_mini
Snake:3:  cheibrodos_snake_lava_hold, uniq_vashnia
Snake:4:  snake_pit, nrook_guardian_serpent_ordinary, grunt_megastairs_3,
          uniq_kirke, uniq_mara, uniq_nikola
IceCv:    ice_cave_small_dragons

Action                   |  1- 3 |  4- 6 |  7- 9 | 10-12 | 13-15 | 16-18 || total
-------------------------+-------+-------+-------+-------+-------+-------++-------
Melee: War axe           |   100 |   131 |   462 |   754 |  1426 |   466 ||  3339
       Headbutt          |     5 |    23 |    95 |   216 |   493 |   120 ||   952
       Flail             |       |       |     9 |     7 |    15 |       ||    31
       Trident           |       |       |       |       |   157 |       ||   157
       Unarmed           |       |       |       |       |       |     1 ||     1
 Fire: Hunting sling     |       |       |       |    30 |       |       ||    30
Throw: Tomahawk          |       |     2 |     1 |    19 |    30 |    21 ||    73
       Stone             |       |       |       |     1 |       |     1 ||     2
Invok: Heroism           |       |       |       |     1 |     4 |       ||     5
       Finesse           |       |       |       |       |     2 |       ||     2
 Abil: Blink             |       |       |       |     4 |     2 |       ||     6
Evoke: Wand              |       |       |       |     8 |     3 |       ||    11
  Use: Scroll            |     5 |     4 |     5 |     7 |    13 |     1 ||    35
       Potion            |     4 |     3 |     9 |    11 |    10 |       ||    37
  Eat: Chunk             |     1 |     9 |    20 |    18 |    20 |     1 ||    69
       Beef jerky        |       |       |     3 |     4 |     1 |       ||     8
       Fruit             |       |       |     1 |    11 |     8 |     6 ||    26
       Pizza             |       |       |     1 |     1 |     2 |     1 ||     5
       Bread ration      |       |       |       |     1 |     2 |     1 ||     4
       Royal jelly       |       |       |       |       |     3 |       ||     3
       Meat ration       |       |       |       |       |     1 |     1 ||     2
Armor: Scale mail        |    53 |     5 |       |       |       |       ||    58
       Chain mail        |       |    50 |   165 |       |       |       ||   215
       Plate armour      |       |       |    84 |   266 |   566 |    11 ||   927
       Crystal plate arm |       |       |       |       |       |   185 ||   185
Dodge: Dodged            |    48 |    35 |   129 |   255 |   676 |   112 ||  1255
Block: Shield            |    64 |    57 |   271 |   523 |  1314 |   338 ||  2567
